[Event "ICC tourney 2714 (40 10)"]
[Site "Internet Chess Club"]
[Date "2021.10.23"]
[Round "1"]
[White "DELABRE, TONY:tdelabre62"]
[Black "MORGAN, CHARLES C:Chasly"]
[Result "1-0"]
[ICCResult "Black checkmated"]
[WhiteElo "1177"]
[BlackElo "714"]
[Opening "Sicilian: Alapin's variation (2.c3)"]
[ECO "B22"]
[NIC "SI.46"]
[Time "11:01:19"]
[PlyCount "25"]
[TimeControl "2400+10"]

1. e4 c5 2. c3 d5 3. exd5 Qxd5 4. d4 cxd4 5. cxd4 a6 6. Nc3 Qd8 7. Nf3 h6 8.
Be3 Nf6 9. Be2 Bg4 10. h3 Bh5 11. Qb3 b5 12. Ne5 Bxe2 13. Qxf7#
{Black checkmated}
1-0

[Event "ICC tourney 2714 (40 10)"]
[Site "Internet Chess Club"]
[Date "2021.10.23"]
[Round "1"]
[White "HARWIN, JACOB FLYNN:jharwin2011"]
[Black "FILOSOFOV, VASILII:Filosofov"]
[Result "0-1"]
[ICCResult "White checkmated"]
[WhiteElo "965"]
[BlackElo "1308"]
[Opening "King's Indian: Zinnowitz variation"]
[ECO "E90"]
[NIC "KI.21"]
[Time "11:01:10"]
[PlyCount "134"]
[TimeControl "2400+10"]

1. d4 Nf6 2. c4 g6 3. Nc3 Bg7 4. e4 d6 5. Nf3 O-O 6. Bg5 h5 7. Be2 e5 8.
dxe5 dxe5 9. Nxe5 Qxd1+ 10. Rxd1 Nxe4 11. Nxe4 Bxe5 12. Bf6 Bxf6 13. Nxf6+
Kg7 14. Nd5 Na6 15. O-O Bg4 16. f3 Bf5 17. Bd3 Bxd3 18. Rxd3 Rad8 19. Re1
Rfe8 20. Red1 c6 21. Nc3 Rxd3 22. Rxd3 Re7 23. Kf2 Nc5 24. Re3 Kf6 25. Ne4+
Nxe4+ 26. Rxe4 Rxe4 27. fxe4 Ke5 28. Kf3 g5 29. g3 g4+ 30. Ke3 c5 31. b3 f5
32. exf5 Kxf5 33. Kd3 b6 34. b4 a5 35. bxc5 bxc5 36. a4 Ke5 37. Ke3 Kf5 38.
Kd3 h4 39. gxh4 Kf4 40. Ke2 Ke4 41. h5 Kf5 42. h6 Kg6 43. Kf2 Kxh6 44. Kg3
Kg5 45. h4+ gxh3 46. Kxh3 Kf4 47. Kg2 Ke4 48. Kf2 Kd4 49. Ke2 Kxc4 50. Kd2
Kb4 51. Kc2 Kxa4 52. Kb2 Kb4 53. Ka2 c4 54. Kb2 a4 55. Kc2 a3 56. Kb1 Kb3
57. Ka1 c3 58. Kb1 c2+ 59. Kc1 a2 60. Kd2 Kb2 61. Kd3 c1=Q 62. Kd4 a1=Q 63.
Ke4 Qa4+ 64. Kf3 Qc3+ 65. Ke2 Qac2+ 66. Kf1 Qf3+ 67. Kg1 Qfg2#
{White checkmated}
0-1

[Event "ICC tourney 2714 (40 10)"]
[Site "Internet Chess Club"]
[Date "2021.10.23"]
[Round "1"]
[White "SHI, WARREN:warren200"]
[Black "Zhan, Jayden Zihan:Viperchess001"]
[Result "0-1"]
[ICCResult "White checkmated"]
[WhiteElo "607"]
[BlackElo "1162"]
[Opening "French defense"]
[ECO "C00"]
[NIC "FR.01"]
[Time "11:00:47"]
[PlyCount "122"]
[TimeControl "2400+10"]

1. e4 e6 2. Nc3 c5 3. d3 Nc6 4. Nf3 Nf6 5. Bg5 Be7 6. Be2 d5 7. e5 Nd7 8.
Bf4 Nf8 9. O-O Ng6 10. Bg3 Qb6 11. Qd2 O-O 12. Na4 Qa5 13. Qxa5 Nxa5 14. d4
c4 15. Nc5 Bxc5 16. dxc5 Nc6 17. Bd3 cxd3 18. cxd3 Nb4 19. Rad1 Nxa2 20. d4
Nb4 21. b3 Bd7 22. h3 Bb5 23. Rfe1 Nc2 24. h4 Nxe1 25. Rxe1 Ne7 26. b4 Nf5
27. Bf4 Rac8 28. g4 Ne7 29. h5 Nc6 30. h6 Nxb4 31. Rb1 a5 32. Bg5 Bd3 33.
hxg7 Bxb1 34. gxf8=Q+ Kxf8 35. Bh6+ Ke8 36. Nd2 Bg6 37. Nb3 Ra8 38. Na1 a4
39. Bd2 Nc6 40. Kf1 Nxd4 41. Ke1 a3 42. Bc3 Nc2+ 43. Kd2 Nxa1 44. Bxa1 Kd7
45. Kc3 Kc6 46. Kb3 Kxc5 47. Bc3 a2 48. Ba1 d4 49. f4 d3 50. Kb2 Be4 51. Kc1
Kc4 52. Kd2 Kb3 53. Ke3 Bg6 54. Kd2 Rc8 55. g5 Rc2+ 56. Kd1 Bh5+ 57. Ke1
Rc1+ 58. Kd2 Rxa1 59. Kxd3 Rd1+ 60. Ke3 a1=Q 61. Ke4 Qd4# {White checkmated}
0-1

[Event "ICC tourney 2714 (40 10)"]
[Site "Internet Chess Club"]
[Date "2021.10.23"]
[Round "1"]
[White "PAQUET, BENJAMIN:BenPaquet"]
[Black "WALLACE, KEVIN BRUCE:KingWallace"]
[Result "0-1"]
[ICCResult "White resigns"]
[WhiteElo "901"]
[BlackElo "1287"]
[Opening "Scandinavian (center counter) defense"]
[ECO "B01"]
[NIC "SD.02"]
[Time "11:01:57"]
[PlyCount "100"]
[TimeControl "2400+10"]

1. e4 d5 2. exd5 Qxd5 3. Nc3 Qd8 4. Nf3 Bg4 5. Be2 Nf6 6. O-O e6 7. d4 c6 8.
Bg5 Be7 9. Re1 O-O 10. Ne5 Bxe2 11. Rxe2 Nbd7 12. Nxd7 Qxd7 13. Ne4 Nxe4 14.
Bxe7 Nxf2 15. Rxf2 Qxe7 16. Qd3 Rad8 17. Rd1 c5 18. Qc4 cxd4 19. Rxd4 Rxd4
20. Qxd4 b6 21. Rd2 Qf6 22. Qxf6 gxf6 23. a4 Rc8 24. c3 Rc4 25. Rd4 Rxd4 26.
cxd4 Kf8 27. Kf2 Ke7 28. Ke3 Kd6 29. b4 Kd5 30. Kd3 e5 31. dxe5 fxe5 32. h4
e4+ 33. Ke3 Kc4 34. Kxe4 Kxb4 35. g4 Kxa4 36. Kf5 b5 37. Kf6 b4 38. Kxf7 b3
39. h5 b2 40. g5 b1=Q 41. g6 hxg6 42. hxg6 Kb3 43. g7 Qf1+ 44. Kg8 a5 45.
Kh8 Qh3+ 46. Kg8 a4 47. Kf7 Qf5+ 48. Ke7 Qe5+ 49. Kf7 Qxg7+ 50. Kxg7 a3
{White resigns}
0-1

[Event "ICC tourney 2714 (40 10)"]
[Site "Internet Chess Club"]
[Date "2021.10.23"]
[Round "1"]
[White "SHAH-GUSTAFSSON, LINNEA:Saga44"]
[Black "LOWENFELD, ANNA:LionsAnnaL"]
[Result "1-0"]
[ICCResult "Black checkmated"]
[WhiteElo "1146"]
[BlackElo "590"]
[Opening "Ruy Lopez: Berlin defense, 4.O-O"]
[ECO "C65"]
[NIC "RL.07"]
[Time "11:00:42"]
[PlyCount "85"]
[TimeControl "2400+10"]

1. e4 e5 2. Nf3 Nc6 3. Bb5 Nf6 4. O-O Bb4 5. a3 Ba5 6. d3 O-O 7. Bg5 d6 8.
h3 h6 9. Bh4 g6 10. Nbd2 Bg4 11. hxg4 Qd7 12. Bxf6 Qxg4 13. Bh4 Nd4 14. Nxd4
Qxh4 15. N4f3 Qh5 16. Nh2 Bb6 17. Qxh5 gxh5 18. Nhf3 f5 19. exf5 Rxf5 20.
Bc4+ Kh8 21. Ne4 Rg8 22. Bxg8 Kxg8 23. Rad1 Rf4 24. Kh2 Rg4 25. Nf6+ Kg7 26.
Nxg4 hxg4 27. Nd2 g3+ 28. Kxg3 Bd4 29. c3 Bc5 30. Nf3 e4 31. dxe4 Kg6 32. e5
Kg7 33. e6 Kf8 34. Rfe1 Ke8 35. e7 d5 36. Rxd5 Bxe7 37. Rde5 Kf7 38. Rxe7+
Kf6 39. Rxc7 Kf5 40. Rxb7 a6 41. Ra7 Kg6 42. Rxa6+ Kh5 43. Re5#
{Black checkmated}
1-0

[Event "ICC tourney 2714 (40 10)"]
[Site "Internet Chess Club"]
[Date "2021.10.23"]
[Round "1"]
[White "Lee, Eli:elilee"]
[Black "Morgan, Lakshmi M:luckylol3"]
[Result "0-1"]
[ICCResult "White checkmated"]
[WhiteElo "694"]
[BlackElo "1192"]
[Opening "Four knights: Italian variation"]
[ECO "C55"]
[NIC "IG.01"]
[Time "11:00:43"]
[PlyCount "86"]
[TimeControl "2400+10"]

1. e4 e5 2. Nf3 Nc6 3. Bc4 Nf6 4. Nc3 Nxe4 5. Nxe4 d5 6. Bd3 dxe4 7. Bxe4
Bd6 8. O-O O-O 9. d3 Bg4 10. Be3 f5 11. Bd5+ Kh8 12. Qd2 Bb4 13. c3 Qxd5 14.
cxb4 Bxf3 15. gxf3 Qxf3 16. b5 Nd4 17. Bxd4 exd4 18. Qd1 Qh3 19. f4 Rf6 20.
Qf3 Rg6+ 21. Kh1 Qxf3+ 22. Rxf3 Re8 23. Rc1 c6 24. bxc6 bxc6 25. Rff1 Re2
26. Rb1 Rh6 27. Rf3 Rhxh2+ 28. Kg1 Rxb2 29. Re1 h6 30. Rg3 Rhe2 31. Rc1 Rxa2
32. Kf1 Rh2 33. Kg1 Rhc2 34. Re1 a5 35. Rb1 a4 36. Kf1 Rab2 37. Re1 a3 38.
Re8+ Kh7 39. Re1 a2 40. Rxg7+ Kxg7 41. Re7+ Kf6 42. Re1 Rb1 43. Rxb1 axb1=R#
{White checkmated}
0-1

[Event "ICC tourney 2714 (40 10)"]
[Site "Internet Chess Club"]
[Date "2021.10.23"]
[Round "1"]
[White "Madhav, Atishay:atishaychess"]
[Black "GANAPATHY, AISHWARYA LAKSHMI:alg142"]
[Result "0-1"]
[ICCResult "White resigns"]
[WhiteElo "471"]
[BlackElo "1135"]
[Opening "Sicilian"]
[ECO "B50"]
[NIC "SI.01"]
[Time "11:01:17"]
[PlyCount "50"]
[TimeControl "2400+10"]

1. e4 c5 2. Nf3 d6 3. Nc3 g6 4. Bb5+ Bd7 5. Bc4 Nf6 6. d3 Bg7 7. Ne2 O-O 8.
Be3 b5 9. Bb3 a5 10. c4 b4 11. Qc1 Ng4 12. Bd2 a4 13. h3 axb3 14. hxg4 bxa2
15. Bh6 Bh8 16. Bxf8 Qxf8 17. Ng5 h6 18. Qe3 Bxb2 19. Rd1 a1=Q 20. Rxa1
Rxa1+ 21. Kd2 Rxh1 22. Nh3 Qg7 23. Qf4 Nc6 24. Ke3 Nd4 25. Nxd4 Bc1+
{White resigns}
0-1

[Event "ICC tourney 2714 (40 10)"]
[Site "Internet Chess Club"]
[Date "2021.10.23"]
[Round "1"]
[White "SHAKIROV, DIYOR:Diyor"]
[Black "Madhav, Krishay:krishaychess"]
[Result "1-0"]
[ICCResult "Black checkmated"]
[WhiteElo "1172"]
[BlackElo "669"]
[Opening "Caro-Kann: advance variation"]
[ECO "B12"]
[NIC "CK.02"]
[Time "11:22:38"]
[PlyCount "49"]
[TimeControl "2400+10"]

1. e4 c6 2. d4 d5 3. e5 e6 4. Nf3 c5 5. c3 cxd4 6. cxd4 Nc6 7. Nc3 Bb4 8.
Bd2 f6 9. Bb5 Bd7 10. Bxc6 Bxc6 11. O-O Be7 12. Re1 Qc7 13. Rc1 Qb6 14. b3
Ba3 15. Rb1 Bb4 16. exf6 Nxf6 17. Rxe6+ Kf7 18. Ng5+ Kg6 19. Qc2+ Kh5 20.
Re5 Rhg8 21. g4+ Nxg4 22. Qxh7+ Nh6 23. Nf3+ Kg4 24. Qg6+ Kxf3 25. Qg3#
{Black checkmated}
1-0

[Event "ICC tourney 2714 (40 10)"]
[Site "Internet Chess Club"]
[Date "2021.10.23"]
[Round "1"]
[White "YAMASAKI, DAWSON YOSHIO:Darston"]
[Black "SAWYER, TIMOTHY A:tasawyer81"]
[Result "1-0"]
[ICCResult "Black resigns"]
[WhiteElo "1198"]
[BlackElo "771"]
[Opening "Pirc defense"]
[ECO "B07"]
[NIC "PU.08"]
[Time "11:00:44"]
[PlyCount "39"]
[TimeControl "2400+10"]

1. e4 d6 2. d4 Nf6 3. Bd3 Nbd7 4. c4 e5 5. Ne2 exd4 6. Nxd4 c5 7. Nf5 Ne5 8.
O-O Bxf5 9. exf5 Be7 10. Be2 Qd7 11. Qc2 O-O 12. Rd1 a5 13. Be3 Qc7 14. Nc3
Qc6 15. h3 Rad8 16. f4 Ned7 17. Bf3 Qb6 18. g4 Qb4 19. g5 Ne8 20. Nd5
{Black resigns}
1-0

[Event "ICC tourney 2714 (40 10)"]
[Site "Internet Chess Club"]
[Date "2021.10.23"]
[Round "1"]
[White "OUYANG, RAYMOND:Raymosaurus"]
[Black "MENON, DHRUV:dmenon25"]
[Result "0-1"]
[ICCResult "White checkmated"]
[WhiteElo "812"]
[BlackElo "1202"]
[Opening "Scotch gambit: Dubois-Réti defense"]
[ECO "C55"]
[NIC "KP.02"]
[Time "11:00:48"]
[PlyCount "76"]
[TimeControl "2400+10"]

1. e4 e5 2. Nf3 Nc6 3. d4 exd4 4. Bc4 Nf6 5. e5 d5 6. Bb5 Nd7 7. Bxc6 bxc6
8. Qxd4 Bc5 9. Qd1 O-O 10. O-O Ba6 11. Re1 Nb6 12. Nc3 h6 13. a3 f5 14. exf6
Qxf6 15. Qd2 Bd6 16. b3 Rae8 17. Rxe8 Rxe8 18. Bb2 Qg6 19. Nd4 c5 20. Ndb5
d4 21. Nxd6 dxc3 22. Qxc3 cxd6 23. h3 Bb7 24. Qg3 Qxg3 25. fxg3 Re2 26. g4
Rxg2+ 27. Kf1 Rxc2 28. Rb1 Be4 29. Ke1 Rh2 30. Rd1 Rxb2 31. Rxd6 Nd5 32. Ra6
Nc3 33. Kf1 Bd3+ 34. Kg1 Bxa6 35. h4 Ne4 36. a4 Ng3 37. g5 Bf1 38. gxh6 Rg2#
{White checkmated}
0-1

[Event "ICC tourney 2714 (40 10)"]
[Site "Internet Chess Club"]
[Date "2021.10.23"]
[Round "1"]
[White "Carr, Kevin:BobbyKnight"]
[Black "MCAVOY, JESSE COLE:BlueDuck"]
[Result "1-0"]
[ICCResult "Black checkmated"]
[WhiteElo "1279"]
[BlackElo "899"]
[Opening "Sicilian defense"]
[ECO "B30"]
[NIC "SI.31"]
[Time "11:00:46"]
[PlyCount "85"]
[TimeControl "2400+10"]

1. e4 c5 2. Nf3 Nc6 3. Bc4 d6 4. O-O g6 5. Nc3 Bg7 6. a3 Nf6 7. d3 O-O 8.
Bg5 a6 9. h3 b5 10. Ba2 Nd4 11. Nxd4 cxd4 12. Ne2 Qb6 13. Rc1 e5 14. Kh1 Bb7
15. f4 Nd7 16. b4 a5 17. bxa5 Rxa5 18. Ra1 Nc5 19. Qd2 Nxe4 20. dxe4 Bxe4
21. Be7 Re8 22. Bxd6 Qxd6 23. Qxa5 d3 24. Ng3 Bxg2+ 25. Kxg2 Qc6+ 26. Kh2
Qxc2+ 27. Kg1 Qc5+ 28. Kg2 Qc6+ 29. Kg1 Qc5+ 30. Kh2 Qc2+ 31. Kg1 Qc5+ 32.
Rf2 exf4 33. Bxf7+ Kxf7 34. Rf1 Kg8 35. Kg2 Qd5+ 36. Rf3 fxg3 37. Kxg3 Qg5+
38. Kh2 Re2+ 39. R1f2 Be5+ 40. Kh1 Qc1+ 41. Rf1 Qc6 42. Qd8+ Kg7 43. Qf8#
{Black checkmated}
1-0

[Event "ICC tourney 2714 (40 10)"]
[Site "Internet Chess Club"]
[Date "2021.10.23"]
[Round "1"]
[White "Wu, Zhuoyuan:Jake000"]
[Black "Kale, Shubham:shubham07"]
[Result "1-0"]
[ICCResult "Black checkmated"]
[WhiteElo "1002"]
[BlackElo "1353"]
[Opening "Robatsch (modern) defense"]
[ECO "B06"]
[NIC "KF.06"]
[Time "11:01:37"]
[PlyCount "103"]
[TimeControl "2400+10"]

1. e4 g6 2. Nf3 Bg7 3. d4 d6 4. h3 a6 5. c4 Nd7 6. Nc3 c5 7. Be3 cxd4 8.
Nxd4 Ngf6 9. f4 e5 10. Nf3 O-O 11. Qxd6 Re8 12. fxe5 Nxe5 13. Qxd8 Nxf3+ 14.
gxf3 Rxd8 15. h4 Be6 16. Rc1 Rac8 17. b3 Nh5 18. Bh3 Bxh3 19. Rxh3 Rd3 20.
Nd5 Kf8 21. Ke2 Rxe3+ 22. Kxe3 Bh6+ 23. f4 Rc5 24. Kf3 Bg7 25. b4 Rc8 26. c5
Nf6 27. Kg2 Nxe4 28. Re3 Nf6 29. Nxf6 Bxf6 30. Rd1 Rc7 31. Kg3 h5 32. a4 Be7
33. Rd5 Bf6 34. b5 Be7 35. Rc3 Ke8 36. c6 axb5 37. axb5 b6 38. Rcd3 Bc5 39.
Rd7 Rxd7 40. Rxd7 f6 41. Rg7 Kd8 42. Rxg6 Be7 43. Rh6 Kc7 44. Rxh5 Kd6 45.
Rh7 Bd8 46. Rd7+ Ke6 47. Rxd8 f5 48. c7 Kf7 49. c8=Q Kg6 50. Qe6+ Kg7 51.
Rg8+ Kh7 52. Qg6# {Black checkmated} 1-0

[Event "ICC tourney 2714 (40 10)"]
[Site "Internet Chess Club"]
[Date "2021.10.23"]
[Round "1"]
[White "SARAVIA, KYLE AUSTIN:Kyle45"]
[Black "Batra, Ansh:K09-16342642"]
[Result "0-1"]
[ICCResult "White resigns"]
[WhiteElo "1289"]
[BlackElo "947"]
[Opening "Sicilian: closed"]
[ECO "B23"]
[NIC "SI.44"]
[Time "11:00:43"]
[PlyCount "110"]
[TimeControl "2400+10"]

1. e4 c5 2. Nc3 g6 3. g3 Bg7 4. Nge2 Nc6 5. Bg2 e6 6. Nb5 d6 7. O-O a6 8.
Nbc3 Nge7 9. d3 O-O 10. Be3 Nd4 11. Qd2 Re8 12. f4 b5 13. a3 Bb7 14. b4
Nxe2+ 15. Nxe2 Bxa1 16. Rxa1 Rc8 17. Rf1 c4 18. d4 d5 19. e5 Nf5 20. g4 Nxe3
21. Qxe3 f5 22. exf6 Qxf6 23. Qh3 Qg7 24. c3 a5 25. Ng3 axb4 26. axb4 Rf8
27. f5 exf5 28. gxf5 Rce8 29. Qh4 Re3 30. f6 Qf7 31. Nf5 gxf5 32. Qg5+ Kh8
33. Qxe3 Qxf6 34. Rf4 Rg8 35. Kh1 Ra8 36. h3 Ra1+ 37. Kh2 Ra8 38. Qf2 Rf8
39. Bf3 Qg5 40. Bg4 Bc8 41. Qe3 Kg7 42. Qe5+ Rf6 43. Qe7+ Kg6 44. Qe8+ Kh6
45. Rf2 fxg4 46. Rxf6+ Qxf6 47. Qxc8 Qf2+ 48. Kh1 g3 49. Qe6+ Kg5 50. Qxd5+
Kf4 51. Qe5+ Kf3 52. Qh5+ Ke3 53. Qh6+ Kd3 54. Qxh7+ Kxc3 55. Qc2+ Kxc2
{White resigns}
0-1

[Event "ICC tourney 2714 (40 10)"]
[Site "Internet Chess Club"]
[Date "2021.10.23"]
[Round "1"]
[White "DIAO, RUBY SIMU:RubyD"]
[Black "ANGEL, BORYS:BArkadia"]
[Result "1/2-1/2"]
[ICCResult "White stalemated"]
[WhiteElo "1046"]
[BlackElo "1380"]
[Opening "Giuoco Piano"]
[ECO "C54"]
[NIC "IG.02"]
[Time "11:00:49"]
[PlyCount "154"]
[TimeControl "2400+10"]

1. e4 e5 2. Nf3 Nc6 3. Bc4 Bc5 4. c3 Nf6 5. d4 exd4 6. cxd4 Bb4+ 7. Bd2 d5
8. exd5 Nxd5 9. Qb3 Na5 10. Qa4+ Bd7 11. Qc2 Bxd2+ 12. Nbxd2 Nxc4 13. Qxc4
Be6 14. Qb5+ Qd7 15. Qxb7 O-O 16. Nb3 Rfb8 17. Qa6 Nb4 18. Qe2 Bxb3 19. axb3
Re8 20. Ne5 Qxd4 21. O-O Rxe5 22. Qf3 Qe4 23. Qc3 Nd5 24. Qd2 Nf4 25. f3
Qe3+ 26. Qxe3 Rxe3 27. Rfc1 Ne2+ 28. Kf2 Nxc1 29. Kxe3 Nxb3 30. Ra3 Nc5 31.
b4 Ne6 32. f4 g6 33. Ke4 Rb8 34. Ra4 a5 35. Rxa5 Rxb4+ 36. Ke5 c5 37. g3 c4
38. Kf6 Rb8 39. Ra3 h5 40. Rc3 Rb6 41. Rxc4 Nxf4+ 42. Kg5 Nh3+ 43. Kh6 g5+
44. Kxh5 Kg7 45. Rc1 Rh6+ 46. Kg4 Nf2+ 47. Kxg5 Rxh2 48. Kf5 Rh5+ 49. Kf4
Nd3+ 50. Kg4 Nxc1 51. Kxh5 Ne2 52. g4 Nf4+ 53. Kg5 Nh3+ 54. Kh4 Nf2 55. Kg3
Nxg4 56. Kxg4 Kg6 57. Kg3 Kg5 58. Kg2 f5 59. Kg3 f4+ 60. Kf3 Kf5 61. Kf2 Ke4
62. Ke2 f3+ 63. Kf2 Kf4 64. Kf1 Kg3 65. Kg1 Kf4 66. Kf2 Ke4 67. Kf1 Ke3 68.
Ke1 Kf4 69. Kf2 Kg4 70. Kf1 Kg3 71. Kg1 Kf4 72. Kf2 Ke4 73. Kf1 Kf4 74. Kf2
Kg4 75. Kf1 Kg3 76. Kg1 f2+ 77. Kf1 Kf3 {White stalemated} 1/2-1/2

[Event "ICC tourney 2714 (40 10)"]
[Site "Internet Chess Club"]
[Date "2021.10.23"]
[Round "1"]
[White "MADSEN, STUART:gmstuartscott"]
[Black "DIXIT, RAAJAS KUNAL:raadix028"]
[Result "0-1"]
[ICCResult "White resigns"]
[WhiteElo "674"]
[BlackElo "1175"]
[Opening "King's Indian defense, 3.Nc3"]
[ECO "E61"]
[NIC "KI.80"]
[Time "11:00:49"]
[PlyCount "102"]
[TimeControl "2400+10"]

1. d4 Nf6 2. c4 g6 3. Nc3 Bg7 4. Nf3 O-O 5. Bd2 d6 6. Qc1 Re8 7. Bh6 Bh8 8.
Qf4 Nbd7 9. e3 e5 10. dxe5 Nxe5 11. Ng5 Neg4 12. Be2 Nxh6 13. O-O Qe7 14.
Nd5 Nxd5 15. cxd5 Qe5 16. Qh4 Qg7 17. b3 Nf5 18. Qc4 Re7 19. Rad1 Qc3 20.
Qf4 Be5 21. Qf3 Nh4 22. Qe4 Bxh2+ 23. Kxh2 Rxe4 24. Nxe4 Qe5+ 25. Ng3 Nf5
26. f4 Qxe3 27. Bf3 Nxg3 28. Kxg3 Bf5 29. Rde1 Qb6 30. Re7 Bd3 31. Rfe1 Bb5
32. Be2 Bxe2 33. R1xe2 Kf8 34. Kg4 c6 35. Rd7 Re8 36. Rc2 c5 37. Rc1 Rd8 38.
Rxd8+ Qxd8 39. Rh1 h5+ 40. Kf3 b5 41. f5 Qf6 42. g4 hxg4+ 43. Kxg4 Qxf5+ 44.
Kg3 Qxd5 45. Rh8+ Kg7 46. Rb8 Qe5+ 47. Kf3 Qf5+ 48. Ke3 b4 49. Ra8 Qe5+ 50.
Kf2 Qb2+ 51. Ke3 Qxa2 {White resigns} 0-1

[Event "ICC tourney 2714 (40 10)"]
[Site "Internet Chess Club"]
[Date "2021.10.23"]
[Round "1"]
[White "LA BRECHE, NATHANAEL JOHN:aWildNateDawg"]
[Black "GANDHI, ISHAN D:awesomeshawn"]
[Result "1/2-1/2"]
[ICCResult "Game drawn by mutual agreement"]
[WhiteElo "1337"]
[BlackElo "970"]
[Opening "Sicilian: Najdorf, Opocensky variation"]
[ECO "B92"]
[NIC "SI.10"]
[Time "11:00:49"]
[PlyCount "90"]
[TimeControl "2400+10"]

1. e4 c5 2. Nf3 d6 3. d4 cxd4 4. Nxd4 Nf6 5. Nc3 a6 6. Be2 g6 7. O-O Bg7 8.
a4 Bd7 9. Be3 O-O 10. Qd2 Nc6 11. Nxc6 Bxc6 12. f3 Qc7 13. a5 Nd7 14. Bh6
Rac8 15. Bxg7 Kxg7 16. Qd4+ Kg8 17. Rfc1 Nf6 18. Nd5 Nxd5 19. exd5 Bd7 20.
Kh1 Qc5 21. Qd2 Rc7 22. c4 Rfc8 23. b4 Qf2 24. Rf1 Qa7 25. Bd3 Qd4 26. Qe2
e6 27. Qe4 Qc3 28. b5 axb5 29. cxb5 Bxb5 30. Bxb5 Qxa1 31. Rxa1 Rc1+ 32. Bf1
Rxa1 33. h3 exd5 34. Qxd5 Rc5 35. Qxb7 Rxf1+ 36. Kh2 Rxa5 37. Qb8+ Kg7 38.
Qxd6 Rfa1 39. Qd4+ Kh6 40. Qf4+ Kg7 41. Qd4+ f6 42. Qd7+ Kh6 43. Qf7 Rf5 44.
Qf8+ Kg5 45. h4+ Kf4 {Game drawn by mutual agreement} 1/2-1/2

[Event "ICC tourney 2714 (40 10)"]
[Site "Internet Chess Club"]
[Date "2021.10.23"]
[Round "1"]
[White "QI, JENNY:eevee11"]
[Black "procopio, Patti:prostripe"]
[Result "0-1"]
[ICCResult "White checkmated"]
[WhiteElo "1394"]
[BlackElo "1047"]
[Opening "Pirc: Ufimtsev-Pytel variation"]
[ECO "B07"]
[NIC "VO.17"]
[Time "11:10:01"]
[PlyCount "190"]
[TimeControl "2400+10"]

1. e4 d6 2. d4 c6 3. Nc3 Nf6 4. Bd3 Qb6 5. Nf3 Bg4 6. Be2 Bxf3 7. Bxf3 e5 8.
dxe5 dxe5 9. O-O Be7 10. Na4 Qa5 11. c4 O-O 12. Bd2 Qc7 13. Nc3 Rd8 14. Qc2
Nbd7 15. Rfd1 Nb6 16. Na4 Nxa4 17. Qxa4 Rd7 18. Bc3 Rxd1+ 19. Rxd1 a6 20.
Qc2 Rd8 21. Rxd8+ Bxd8 22. Qd2 Be7 23. Qg5 Nxe4 24. Qxe5 Qxe5 25. Bxe5 Nd2
26. Be2 f6 27. Bf4 Ne4 28. Bf3 Nc5 29. Kf1 Nd3 30. Be3 Nxb2 31. Be2 Na4 32.
Bd1 Nc3 33. Bb3 Kf8 34. Ke1 Ne4 35. Ke2 c5 36. Kd3 f5 37. f3 Nf6 38. Bg5 Nd7
39. Bxe7+ Kxe7 40. Ke3 Kf6 41. Kf4 Ne5 42. Ke3 g5 43. f4 Ng4+ 44. Kf3 Nxh2+
45. Kg3 Ng4 46. fxg5+ Kxg5 47. Kf3 b6 48. g3 h5 49. a4 a5 50. Ba2 Ne5+ 51.
Ke3 Kg4 52. Kf2 Nd3+ 53. Kg2 Ne1+ 54. Kf2 Nd3+ 55. Kg2 f4 56. gxf4 Kxf4 57.
Kh3 Kg5 58. Bb3 h4 59. Bc2 Nf2+ 60. Kg2 Ng4 61. Kh3 Ne3 62. Bb3 Kf4 63. Kxh4
Ke4 64. Kg3 Kd4 65. Kf3 Nxc4 66. Bxc4 Kxc4 67. Ke3 Kb4 68. Kd3 Kxa4 69. Kc4
Ka3 70. Kc3 b5 71. Kc2 c4 72. Kc3 a4 73. Kc2 Ka2 74. Kc3 a3 75. Kc2 b4 76.
Kc1 c3 77. Kc2 Ka1 78. Kc1 a2 79. Kc2 b3+ 80. Kxb3 Kb1 81. Kxc3 a1=Q+ 82.
Kd3 Qa4 83. Ke3 Kb2 84. Kf3 Kc2 85. Kg3 Qe4 86. Kh2 Kd2 87. Kg3 Ke2 88. Kh2
Qh4+ 89. Kg2 Ke3 90. Kg1 Qg3+ 91. Kh1 Qh3+ 92. Kg1 Qg4+ 93. Kh1 Ke2 94. Kh2
Kf1 95. Kh1 Qg2# {White checkmated} 0-1

[Event "ICC tourney 2714 (40 10)"]
[Site "Internet Chess Club"]
[Date "2021.10.23"]
[Round "2"]
[White "SCHEFF, HOLDEN:K05-30152348"]
[Black "OUYANG, RAYMOND:Raymosaurus"]
[Result "0-1"]
[ICCResult "White checkmated"]
[WhiteElo "327"]
[BlackElo "812"]
[Opening "Giuoco Pianissimo: Italian four knights variation"]
[ECO "C50"]
[NIC "IG.02"]
[Time "13:15:35"]
[PlyCount "102"]
[TimeControl "2400+10"]

1. e4 e5 2. Nf3 Nc6 3. Bc4 Bc5 4. Nc3 Nf6 5. d3 h6 6. Be3 Bb6 7. Bxb6 axb6
8. a3 d6 9. O-O O-O 10. Nd5 Bg4 11. Nxf6+ Qxf6 12. h3 Bh5 13. g4 Bg6 14. Bd5
Rac8 15. Bxc6 bxc6 16. Qd2 Qxf3 17. Qe3 Qxe3 18. fxe3 f6 19. Rae1 d5 20.
exd5 cxd5 21. h4 c5 22. h5 Bf7 23. Kf2 Be6 24. Rg1 f5 25. gxf5 Rxf5+ 26. Ke2
Rxh5 27. Rh1 Rxh1 28. Rxh1 d4 29. exd4 exd4 30. c3 dxc3 31. bxc3 Re8 32. Kd2
Ra8 33. d4 cxd4 34. cxd4 Rxa3 35. Rh2 Ra2+ 36. Kd3 Rxh2 37. Ke4 Rd2 38. Ke3
Rc2 39. Kd3 Bf5+ 40. Ke3 b5 41. Kf4 b4 42. Kxf5 b3 43. Kf4 b2 44. Ke3 b1=Q
45. Kd3 Qd1+ 46. Ke3 Re2+ 47. Kf3 Qf1+ 48. Kg3 Rg2+ 49. Kh3 Qf3+ 50. Kh4
Rg4+ 51. Kh5 Qf5# {White checkmated} 0-1

[Event "ICC tourney 2714 (40 10)"]
[Site "Internet Chess Club"]
[Date "2021.10.23"]
[Round "2"]
[White "Morgan, Lakshmi M:luckylol3"]
[Black "YENIGALLA, MANAS:K06-30081118"]
[Result "1-0"]
[ICCResult "Black checkmated"]
[WhiteElo "1192"]
[BlackElo "431"]
[Opening "Scandinavian defense"]
[ECO "B01"]
[NIC "SD.01"]
[Time "13:15:38"]
[PlyCount "51"]
[TimeControl "2400+10"]

1. e4 d5 2. exd5 Qxd5 3. Nc3 Qa5 4. d4 Nf6 5. Nf3 Bf5 6. Ne5 e6 7. Nc4 Nc6
8. Nxa5 Nxa5 9. Bd3 Bg6 10. Bxg6 hxg6 11. Bf4 O-O-O 12. O-O Nc6 13. Be3 Bd6
14. h3 Rh7 15. Nb5 Rdh8 16. Nxd6+ cxd6 17. c4 d5 18. cxd5 exd5 19. Bf4 Nd8
20. Qa4 Nc6 21. Rac1 Ng4 22. Rxc6+ bxc6 23. Qxc6+ Kd8 24. Qc7+ Ke8 25. Re1+
Kf8 26. Qd8# {Black checkmated} 1-0

[Event "ICC tourney 2714 (40 10)"]
[Site "Internet Chess Club"]
[Date "2021.10.23"]
[Round "2"]
[White "GANDHI, ISHAN D:awesomeshawn"]
[Black "MILLER, JOHN:jorymil"]
[Result "1-0"]
[ICCResult "Black checkmated"]
[WhiteElo "970"]
[BlackElo "1262"]
[Opening "Giuoco Pianissimo: Italian four knights variation"]
[ECO "C47"]
[NIC "KP.06"]
[Time "13:15:32"]
[PlyCount "41"]
[TimeControl "2400+10"]

1. e4 e5 2. Nf3 Nc6 3. Nc3 Nf6 4. Bc4 Bc5 5. d3 O-O 6. O-O h6 7. Be3 b6 8.
a3 Bb7 9. b4 Bxe3 10. fxe3 d6 11. Nd5 Ne7 12. Nxf6+ gxf6 13. Nh4 Ng6 14.
Nxg6 Kg7 15. Nh4 f5 16. Nxf5+ Kh7 17. Qh5 Qg5 18. Qxg5 hxg5 19. Rf3 f6 20.
Rh3+ Kg6 21. Rh6# {Black checkmated} 1-0

[Event "ICC tourney 2714 (40 10)"]
[Site "Internet Chess Club"]
[Date "2021.10.23"]
[Round "2"]
[White "Kale, Shubham:shubham07"]
[Black "Lee, Eli:elilee"]
[Result "1-0"]
[ICCResult "Black checkmated"]
[WhiteElo "1353"]
[BlackElo "694"]
[Opening "English opening"]
[ECO "A22"]
[NIC "EO.10"]
[Time "13:15:34"]
[PlyCount "57"]
[TimeControl "2400+10"]

1. c4 e5 2. Nc3 Nf6 3. e4 Bc5 4. g3 Nc6 5. Bg2 d6 6. Nge2 Be6 7. d3 Nd4 8.
O-O Bg4 9. h3 Bh5 10. Kh2 Nf3+ 11. Kh1 Ng4 12. Bxf3 Qf6 13. Ng1 Bxf2 14.
hxg4 Bxg3 15. g5 Qe6 16. Bxh5 h6 17. Bxf7+ Qxf7 18. Rxf7 Kxf7 19. Qf3+ Bf4
20. Bxf4 exf4 21. Qxf4+ Ke7 22. Kg2 h5 23. Rf1 Raf8 24. Nd5+ Kd7 25. Qg3 Re8
26. Rf7+ Kd8 27. Qh3 Re7 28. Rxe7 Re8 29. Qd7# {Black checkmated} 1-0